 Dungeon Crawl Stone Soup version 0.31-a0-221-gbddc013574 (webtiles) character file.

Game seed: 52741741758670676

55 qw the Shooter (level 3, -6/22 HPs)
             Began as a Gargoyle Hexslinger on July 4, 2023.
             Mangled by a gnoll
             ... wielding a +0 flail
              (8 damage)
             ... on level 1 of the Dungeon.
             The game lasted 00:00:23 (1114 turns).

qw the Shooter (Gargoyle Hexslinger)                Turns: 1114, Time: 00:00:24

Health: -6/22      AC:  6    Str: 11    XL:     3   Next: 93%
Magic:  4/4        EV: 12    Int: 13    God:
Gold:   98         SH:  0    Dex: 20    Spells: 3/4 levels left

rFire   . . .        Y - +1 sling
rCold   . . .        (no shield)
rNeg    + . .        e - +0 leather armour
rPois   inf          (no helmet)
rElec   +            (no cloak)
rCorr   .            (no gloves)
SInv    .            (no boots)
Will    .....        (no amulet)
Stlth   +            g - +6 ring of dexterity
HPRegen 0.23/turn    (no ring)
MPRegen 0.09/turn

%: no passive effects
@: about to teleport
A: sickness immunity, AC +3, negative energy resistance 1, electricity
resistance, torment resistance 1, petrification resistance
a: no special abilities


You were on level 1 of the Dungeon.
You visited 1 branch of the dungeon, and saw 2 of its levels.

You collected 98 gold pieces.


Innate Abilities, Weirdness & Mutations

You are immune to sickness and miasma.
Your stone body is resilient. (AC +3)
You are immune to poison.
You resist negative energy. (rN+)
You are resistant to electric shocks. (rElec)
You are resistant to unholy torment.
You are immune to petrification.


   Skills:
 - Level 2.3 Fighting
 + Level 3.5 Ranged Weapons
 - Level 1.5 Dodging
 - Level 1.0 Spellcasting
 - Level 2.6 Hexes


You had 3 spell levels left.
You knew the following spells:

 Your Spells              Type           Power      Damage    Failure   Level
a - Slow                  Hex            28%        N/A       12%         1

Your spell library contained the following spells:

 Spells                   Type           Power      Damage    Failure   Level
 Inner Flame              Hex/Fire       4%         N/A       54%         3
 Portal Projectile        Hex/Tloc       8%         N/A       54%         3
 Cause Fear               Hex            3%         N/A       77%         4

Inventory:

Hand Weapons
 Y - a +1 sling (weapon)
Armour
 e - a +0 leather armour (worn)
Jewellery
 g - a +6 ring of dexterity (left hand)
Scrolls
 m - a scroll of identify
Potions
 f - a potion of haste
 i - 2 potions of curing
 l - a potion of enlightenment {unknown}

Dungeon Overview and Level Annotations

Branches:
Dungeon (2/15)

Altars:


Message History

As you read the scroll of identify, it crumbles to dust.
k - a potion of lignification
1103 ||| IDENTIFYING bubbling inky potion Done exploring.
1104 ||| DROPPING potion of lignification.
You drop a potion of lignification.
Done exploring.
(D) Dungeon
Where to? (* - list waypoints, Enter - D:2, ? - help)
What level of the Dungeon? (default 1, ? - help)
You climb downwards.
The gnoll misses you. The rat closely misses you.
The gnoll hits you with a +0 flail. The rat misses you.
There is a stone staircase leading up here.
1107 ||| STAIRDANCE The gnoll barely misses you.
The rat completely misses you.
You climb upwards.
There is a stone staircase leading down here.
You see here a potion of lignification.
You shoot a sling bullet. The sling bullet hits the gnoll.
The gnoll is moderately wounded.
The gnoll hits you with a +0 flail. The rat closely misses you.
You shoot a sling bullet.
The sling bullet barely misses the gnoll.
The gnoll closely misses you. The rat bites you but does no damage.
You shoot a sling bullet. The sling bullet hits the gnoll.
The gnoll is heavily wounded.
The gnoll hits you with a +0 flail. The rat barely misses you.
You shoot a sling bullet.
The sling bullet hits the gnoll but does no damage.
The gnoll is heavily wounded.
The gnoll misses you. The rat closely misses you.
The gnoll hits you with a +0 flail. The rat bites you but does no damage.
1113 ||| READING scroll of teleportation.
As you read the scroll of teleportation, it crumbles to dust.
You feel strangely unstable. The gnoll hits you with a +0 flail.
The rat completely misses you.
You shoot a sling bullet. The sling bullet hits the gnoll.
The gnoll is severely wounded.
The gnoll hits you with a +0 flail!
You die...

....#........#.# ##....##.#.#
###.#.....##.#.# #.....##.#.####
.......##....#.# #.....##.#.....
###.#.######.#.####.#+#..........
..........##.....................
###.#.######...##.#.###.##.#.##.#
#.#......................#.##.#
###.#.######....#..####.##.#.##..
..#.#.##...#.#..@g## #.##.#.##..
#.#...#........r..# #.##.#.##..
#.###.#......####.# #.##.#.##..
#.# #.#......#....# #..........
#.# #.######.#....########.#.##..
#.###................#####.#.##..
..................##.#...#.#.##..
#.###.#...........##.#...#.#.###.
.....................'...........


You could see a gnoll and a rat.

Vanquished Creatures
  An adder (D:2)
  2 gnolls (D:2)
  A dart slug (D:1)
  3 endoplasms
  A giant cockroach (D:2)
  A goblin (D:2)
  3 hobgoblins
  A quokka (D:1)
  A ball python (D:1)
  3 bats
  2 frilled lizards
  4 kobolds (D:1)
  2 rats (D:1)
25 creatures vanquished.

Notes
Turn   | Place    | Note
-------+----------+-------------------------------------------
     0 | D:1      | qw the Gargoyle Hexslinger began the quest for the Orb.
     0 | D:1      | Reached XP level 1. HP: 12/12 MP: 2/2
     0 | D:1      | 0 ||| qw: Version: 0.3-a-41-g9d075ac
     0 | D:1      | 0 ||| qw: Game counter: 807
     0 | D:1      | 0 ||| qw: Melee chars always use a shield: true
     0 | D:1      | 0 ||| qw: God list: Okawaru
     0 | D:1      | 0 ||| qw: Allow faded altars: false
     0 | D:1      | 0 ||| qw: Do Orc after clearing Dungeon:15 true
     0 | D:1      | 0 ||| qw: Do second Lair branch before Depths: true
     0 | D:1      | 0 ||| qw: Lair rune preference: random
     0 | D:1      | 0 ||| qw: Goals: Normal
     0 | D:1      | 0 ||| PLANNING D:1-11
    80 | D:1      | Reached XP level 2. HP: 16/16 MP: 3/3
   346 | D:1      | Reached skill level 3 in Ranged Weapons
   798 | D:1      | 798 ||| UPGRADING to +0 leather armour.
   808 | D:1      | 808 ||| DROPPING +0 robe.
   809 | D:1      | 809 ||| UPGRADING to +6 ring of dexterity.
   810 | D:1      | 810 ||| READING scroll labelled KYBAOD SO RIQ.
   811 | D:1      | 811 ||| READING scroll labelled RAUHUN ICECS.
   812 | D:1      | 812 ||| READING 2 scrolls labelled XYCHO SISHOENN.
   816 | D:1      | 816 ||| READING 3 scrolls labelled FIYSAG JUIMITH.
   817 | D:1      | 817 ||| DRINKING 3 blue potions.
   818 | D:1      | 818 ||| READING 2 scrolls of identify.
   818 | D:1      | 818 ||| IDENTIFYING brown potion
   819 | D:1      | 819 ||| DROPPING scroll of poison.
  1004 | D:2      | Reached XP level 3. HP: 21/21 MP: 4/4
  1040 | D:2      | 1040 ||| FLEEEEING.
  1041 | D:2      | 1041 ||| FLEEEEING.
  1042 | D:2      | 1042 ||| FLEEEEING.
  1043 | D:2      | 1043 ||| FLEEEEING.
  1044 | D:2      | 1044 ||| FLEEEEING.
  1045 | D:2      | 1045 ||| FLEEEEING.
  1046 | D:2      | 1046 ||| STAIRDANCE
  1103 | D:1      | 1103 ||| READING 2 scrolls of identify.
  1103 | D:1      | 1103 ||| IDENTIFYING bubbling inky potion
  1104 | D:1      | 1104 ||| DROPPING potion of lignification.
  1107 | D:2      | 1107 ||| STAIRDANCE
  1112 | D:1      | HP: 4/22 [gnoll/+0 flail (5)]
  1113 | D:1      | 1113 ||| READING scroll of teleportation.
  1114 | D:1      | Mangled by a gnoll

Levels and vault maps discovered:
D:1:      kennysheep_arrival_forest, layout_basic
D:2:      layout_loops_ring, basic_altar, serial_shops, shop,
          lexackson_kobold_supper, uniq_crazy_yiuf_cottage

Skill      XL: |  1  2  3 |
---------------+----------+-----
Ranged Weapons | 3 |  3.5
Fighting       | 2 |  2.3
Dodging        | |  1.5
Spellcasting   | |  1.0
Hexes          | |  2.6

Action                     || total
---------------------------++-------
   Fire: Sling             ||    74
    Use: Scroll            ||     7
         Potion            ||     1
 Armour: Leather armour    ||     5
         Robe              ||     1
  Dodge: Dodged            ||    22

Table legend:
 A = Non-vault XP
 B = Vault XP
 C = Vault XP percentage of total XP
 D = Non-vault monster count
 E = Vault monster count
 F = Vault count percentage of total count
                 A         B        C        D         E       F
            +---------+---------+-------+---------+---------+-------
      Total |      79 |       0 |   0.0 |      25 |       0 |   0.0
            +---------+---------+-------+---------+---------+-------
        D:1 |      25 |       0 |   0.0 |      16 |       0 |   0.0
        D:2 |      54 |       0 |   0.0 |       9 |       0 |   0.0
            +---------+---------+-------+---------+---------+-------
